 Dungeon Crawl Stone Soup version 0.29-a0-472-ge5599a681e (webtiles) character file.

Game seed: 16346318631140747806

4 Sabo the Chopper (level 1, -1/20 HPs)
             Began as a Hill Orc Monk on May 22, 2022.
             Succumbed to a kobold's poison
             ... on level 1 of the Dungeon.
             The game lasted 00:01:02 (196 turns).

Sabo the Chopper (Hill Orc Monk)                     Turns: 196, Time: 00:01:02

Health: -1/20      AC:  2    Str: 13    XL:     1   Next: 60%
Magic:  1/1        EV: 12    Int: 10    God:
Gold:   18         SH:  0    Dex: 13    Spells: 0/0 levels left

rFire   . . .      SeeInvis .   a - +0 hand axe
rCold   . . .      Faith    .   (no shield)
rNeg    . . .      Spirit   .   b - +0 robe
rPois   .          Reflect  .   (no helmet)
rElec   .          Harm     .   (no cloak)
rCorr   .          Rampage  .   (no gloves)
Will    .....                   (no boots)
Stlth   ++........              (no amulet)
HPRegen 0.06/turn               (no ring)
MPRegen 0.07/turn               (no ring)

@: lethally poisoned (-1 -> -8)
A: no striking features
a: no special abilities


You were on level 1 of the Dungeon.
You visited 1 branch of the dungeon, and saw 1 of its levels.

You collected 18 gold pieces.

Inventory:

Hand Weapons
 a - a +0 hand axe (weapon)
Armour
 b - a +0 robe (worn)
Potions
 c - a potion of ambrosia
 d - a potion of mutation {unknown}


   Skills:
 + Level 3.7 Fighting
 + Level 4.1 Axes
 + Level 2.5 Dodging
 + Level 1.5 Stealth


You couldn't memorise any spells.
You didn't know any spells.
Your spell library was empty.

Dungeon Overview and Level Annotations

Branches:
Dungeon (1/15)

Altars:


Message History

You now have 18 gold pieces.
Found a fizzy dark potion.
d - a fizzy dark potion A dart slug comes into view.
A hobgoblin, an endoplasm and a kobold come into view.
The kobold is wielding a +0 short sword of venom.
The dart slug bites you.
You hit the dart slug.
The dart slug is heavily wounded.
The kobold shouts!
The endoplasm quivers.
The dart slug barely misses you.
You hit the dart slug.
The dart slug is severely wounded.
The kobold throws a stone.
The stone barely misses you. The dart slug bites you.
You hit the dart slug.
The dart slug is almost dead.
The kobold throws a stone.
The stone hits you.
You hit the dart slug but do no damage.
The dart slug is almost dead.
You closely miss the hobgoblin.
The dart slug bites you but does no damage.
The hobgoblin hits you.
The kobold throws a stone.
The stone barely misses you.
You hit the dart slug.
You kill the dart slug!
You closely miss the hobgoblin. The hobgoblin hits you.
You slash the endoplasm!
You kill the endoplasm!
You closely miss the kobold. You hit the hobgoblin but do no damage.
The hobgoblin completely misses you.
The kobold hits you with a +0 short sword of venom.
* * * LOW HITPOINT WARNING * * *
You are lethally poisoned!
You closely miss the kobold. You hit the hobgoblin.
* * * LOW HITPOINT WARNING * * *
You feel sick. The hobgoblin closely misses you.
The kobold hits you but does no damage.
You closely miss the kobold. You hit the hobgoblin.
You die...

............
...........#
..........#
.........#
#.......#
+.......#
#....g..# ######
#@K..# ##≈≈≈≈≈
#.#### ##......
#.# #..<.... #.#
#####...... #.#
#..###≈≈≈≈≈
#.######....######
#.................
#########...######
#.#.#


You could see a hobgoblin and a kobold.

Vanquished Creatures
  A dart slug (D:1)
  An endoplasm (D:1)
2 creatures vanquished.

Notes
Turn   | Place    | Note
-------+----------+-------------------------------------------
     0 | D:1      | Sabo the Hill Orc Monk began the quest for the Orb.
     0 | D:1      | Reached XP level 1. HP: 19/19 MP: 1/1
   195 | D:1      | HP: 1/20 [poisoned by a kobold]
   196 | D:1      | Succumbed to a kobold's poison

Illustrated notes

Levels and vault maps discovered:
D:1:      wander_arrival_chamber, layout_basic, corexii_corridor_pit,
          serial_park_tiny_pond

Action                   || total
-------------------------++-------
Melee: Hand axe          ||     8
Armor: Robe              ||     2
Dodge: Dodged            ||     5

Table legend: (Time is in decaauts)
 A = Elapsed time spent in this place.
 B = Non-inter-level travel time spent in this place.
 C = Inter-level travel time spent in this place.
 D = Time resting spent in this place.
 E = Time spent auto-exploring this place.
 F = Levels seen in this place.
 G = Mean time per level.
                   A        B        C        D        E       F      G
               +--------+--------+--------+--------+--------+-----+--------+
         Total |    196 |    196 |      0 |      0 |      0 |   1 |  196.0 |
       Dungeon |    196 |    196 |      0 |      0 |      0 |   1 |  196.0 |
               +--------+--------+--------+--------+--------+-----+--------+

Top non-repeatable levels by time:
     D:1: 196 daAuts
